 Dungeon Crawl Stone Soup version 0.19-b1-3-g7dea586 (webtiles) character file.

2205 tognito the Cleaver (level 9, -1/120 HPs)
             Began as a Minotaur Berserker on Oct 29, 2016.
             Was an Elder of Trog.
             Succumbed to an orc warrior's poison
             ... on level 6 of the Dungeon.
             The game lasted 00:18:57 (5228 turns).

tognito the Cleaver (Minotaur Berserker)            Turns: 5228, Time: 00:18:58

Health: -1/120     AC: 11    Str: 29      XL:     9   Next: 12%
Magic:  8/8        EV: 10    Int:  4      God:    Trog [****..]
Gold:   344        SH:  6    Dex:  9 (11) Spells: 0 memorised, 8 levels left

rFire  . . .     SeeInvis .     a - +0 hand axe
rCold  . . .     Gourm    .     e - +0 chain mail
rNeg   . . .     Faith    .     (no shield)
rPois  .         Spirit   .     (helmet restricted)
rElec  .         Reflect  +     p - +0 cloak
rCorr  .         Harm     .     (no gloves)
MR     .....                    (no boots)
Stlth  ..........               y - +6 amulet of reflection
                                (no ring)
                                (no ring)

@: berserking, lethally poisoned (-1 -> -52), very quick
A: retaliatory headbutt, horns 2
a: Berserk, Trog's Hand, Brothers in Arms, Burn Spellbooks, Renounce Religion


You were on level 6 of the Dungeon.
You worshipped Trog.
Trog was greatly pleased with you.
You were near starving.

You visited 1 branch of the dungeon, and saw 6 of its levels.

You collected 344 gold pieces.

Inventory:

Hand Weapons
 a - a +0 hand axe (weapon)
Missiles
 u - 24 bolts
Armour
 e - a +0 chain mail (worn)
 p - a +0 cloak (worn)
Jewellery
 y - a +6 amulet of reflection (around neck)
Wands
 w - a wand of digging (10/24)
 x - a wand of polymorph (5/24)
 z - a wand of digging (9/24)
 A - a wand of lightning (7/15)
 B - a wand of iceblast (6/15)
Scrolls
 b - 2 scrolls of recharging {unknown}
 h - 2 scrolls of teleportation {unknown}
 j - 5 scrolls of identify {unknown}
 k - a scroll of fog {unknown}
 l - a scroll of blinking {unknown}
 m - a scroll of magic mapping {unknown}
 n - 3 scrolls of remove curse {unknown}
 r - 4 scrolls of enchant armour {unknown}
 s - 2 scrolls of enchant weapon {unknown}
 t - a scroll of fear {unknown}
 C - a scroll of summoning {unknown}
Potions
 d - 2 potions of resistance
 g - 2 potions of magic
 i - 2 potions of curing
 D - a potion of flight
 E - a potion of haste {unknown}
Comestibles
 c - 5 bread rations
 f - 4 meat rations
 o - 3 beef jerkies
 q - 10 fruits
 v - a slice of pizza


   Skills:
 * Level 7.6 Fighting
 * Level 10.9 Axes
 + Level 7.0 Armour
 + Level 4.0 Dodging


You had 8 spell levels left.
You didn't know any spells.

Dungeon Overview and Level Annotations

Branches:
Dungeon (6/15)             Temple (0/1) D:4

Altars:
Kikubaaqudgha
Makhleb
Qazlal
Ru
Trog
Uskayaw


Innate Abilities, Weirdness & Mutations

You reflexively headbutt those who attack you in melee.
You have a pair of horns on your head.


Message History

A red film seems to cover your vision as you go berserk!
You feel yourself moving faster!
You feel mighty!
You are near starving!
You feel sick.
The orc warrior hits you with a glaive of venom!!
* * * LOW HITPOINT WARNING * * *
You are more poisoned.
You hit the orc warrior.
You kill the orc warrior!
Trog accepts your kill.
You feel your dexterity returning.
Your Armour skill increases to level 7!
* * * LOW HITPOINT WARNING * * *
You feel very sick.
* * * LOW HITPOINT WARNING * * *
You feel very sick.
Things that are here:
a glaive of venom; a chain mail You feel a strong urge to attack something.
You die...

#.#.............#...###.....###
#.#..##.#..<......#(...........
#................)..###.....###
###..................##.....# ##
#....)).≈≈≈≈≈≈≈≈≈#.......## .#
#...))..≈##≈≈≈##≈#.##.#..# .#
###...##≈#######≈#.##....# .#
#...##≈≈#.!.#≈≈..#####.#### .#
#...##≈≈#.@.#≈≈..........[#
.######..÷##≈≈#)))#≈≈...........#
.##.........≈###)###≈.###.......#
............≈##≈.≈##≈.#.........#
###.........≈≈≈≈.≈≈≈≈.....^.....#
#####...######.#.##.#.........#
#...# #................# #...#
###.#####.######## #######...#
#.#####.#


There were no monsters in sight!

Vanquished Creatures
  Eustachio (D:6)
  The ghost of dxctxrx the Vandal, an amateur HaHu (D:3)
  Edmund (D:6)
  Menkaure (D:4)
  A water moccasin (D:6)
  Duvessa (D:5)
  An orc warrior (D:6)
  2 ogres
  A centaur (D:5)
  A phantom (D:5)
  A wyvern zombie (D:4)
  2 bullfrogs (D:6)
  Dowan (D:5)
  2 scorpions
  A howler monkey (D:5)
  3 wights (D:6)
  An electric eel (D:6)
  A centaur zombie (D:5)
  A crimson imp (D:5)
  A hound (D:4)
  An orc priest (D:6)
  A bullfrog zombie (D:5)
  A jelly (D:3)
  A centaur skeleton (D:6)
  2 iguanas
  Natasha (thrice) (D:2)
  2 worker ants (D:6)
  Robin (D:2)
  3 adders
  2 oozes
  An adder skeleton (D:6)
  3 worms
  4 dart slugs
  4 leopard geckos
  8 orcs
  8 giant cockroaches
  14 goblins
  10 hobgoblins
  9 jackals
  3 kobolds
  2 quokkas (D:3)
  A ball python (D:2)
  9 bats
  5 frilled lizards
  3 rats
126 creatures vanquished.

Notes
Turn   | Place    | Note
-------+----------+-------------------------------------------
     0 | D:1      | tognito the Minotaur Berserker began the quest for the Orb.
     0 | D:1      | Reached XP level 1. HP: 19/19 MP: 0/0
    22 | D:1      | Reached XP level 2. HP: 20/27 MP: 1/1
   232 | D:1      | Reached skill level 4 in Axes
   440 | D:2      | Reached XP level 3. HP: 33/33 MP: 2/2
   454 | D:2      | Noticed Natasha
   463 | D:2      | Killed Natasha
   703 | D:2      | Noticed Natasha
   709 | D:2      | Noticed Robin
   713 | D:2      | Killed Natasha
   713 | D:2      | Reached XP level 4. HP: 41/41 MP: 3/3
   715 | D:2      | Reached skill level 5 in Axes
   716 | D:2      | Reached ** piety under Trog
   733 | D:2      | Killed Robin
   967 | D:2      | Reached skill level 5 in Fighting
  1012 | D:2      | Noticed Natasha
  1033 | D:2      | Killed Natasha
  1033 | D:2      | Reached XP level 5. HP: 35/48 MP: 4/4
  1407 | D:3      | Noticed dxctxrx's ghost (amateur HaHu)
  1426 | D:3      | Killed dxctxrx's ghost
  1426 | D:3      | Reached skill level 6 in Axes
  1426 | D:3      | Reached XP level 6. HP: 56/56 MP: 5/5
  1659 | D:3      | Found a hide-covered altar of Uskayaw.
  1723 | D:3      | Found a sacrificial altar of Ru.
  1974 | D:3      | Found a burning altar of Makhleb.
  2196 | D:4      | Reached skill level 7 in Axes
  2212 | D:4      | Found a bloodstained altar of Trog.
  2299 | D:4      | Found a staircase to the Ecumenical Temple.
  2302 | D:4      | Noticed Menkaure
  2310 | D:4      | Killed Menkaure
  2494 | D:4      | Reached XP level 7. HP: 41/62 MP: 6/6
  2726 | D:4      | Reached *** piety under Trog
  2743 | D:4      | Found an ancient bone altar of Kikubaaqudgha.
  3015 | D:5      | Entered Level 5 of the Dungeon
  3107 | D:5      | Noticed Dowan
  3108 | D:5      | Noticed Duvessa
  3121 | D:5      | Killed Duvessa
  3121 | D:5      | Reached skill level 8 in Axes
  3129 | D:5      | Killed Dowan
  3133 | D:5      | HP: 1/63 [iguana (10)]
  3529 | D:5      | Reached skill level 5 in Armour
  3770 | D:5      | Reached XP level 8. HP: 49/71 MP: 7/7
  4005 | D:5      | Reached skill level 9 in Axes
  4176 | D:6      | HP: 2/106 [electric eel/bolt of electricity (15)]
  4183 | D:6      | HP: 1/71 [poisoned by a water moccasin]
  4468 | D:6      | Noticed Edmund
  4488 | D:6      | Killed Edmund
  4488 | D:6      | Reached skill level 10 in Axes
  4920 | D:6      | Noticed Eustachio
  4964 | D:6      | Killed Eustachio
  4964 | D:6      | Reached XP level 9. HP: 75/79 MP: 8/8
  5136 | D:6      | Found a stormy altar of Qazlal.
  5218 | D:6      | Reached **** piety under Trog
  5226 | D:6      | HP: 5/120 [poisoned by an orc warrior]
  5227 | D:6      | HP: 1/120 [poisoned by an orc warrior]
  5228 | D:6      | Succumbed to an orc warrior's poison

Skill      XL: |  1  2  3  4  5  6  7  8  9 |
---------------+----------------------------+-----
Fighting       | 4 5 6 7 |  7.6
Axes           | 4 5 6 7 8 10 | 10.9
Armour         | 3 4 5 6 7 |  7.0
Dodging        | 3 4 |  4.0

Action                   |  1- 3 |  4- 6 |  7- 9 || total
-------------------------+-------+-------+-------++-------
Melee: Hand axe          |    57 |   125 |   234 ||   416
       Headbutt          |     4 |    22 |    51 ||    77
Invok: Berserk           |     1 |     2 |     3 ||     6
       Burn Spellbooks   |       |       |     1 ||     1
  Use: Potion            |     4 |     1 |     2 ||     7
  Eat: Chunk             |       |     7 |    11 ||    18
Armor: Chain mail        |    21 |    76 |   113 ||   210
       Animal skin       |     9 |       |       ||     9
Dodge: Dodged            |    37 |    50 |   101 ||   188
Block: Other             |       |       |    57 ||    57
